MLB
CALIFORNIA ANGELS @ NEW YORK YANKEES
09/19/2048
 
TOP OF THE 1ST
California Angels batting - Pitching for New York Yankees : RHP Andres Galindo
Pitching: RHP Andres Galindo
Batting: RHB Mike Harkins 0-0: Ground out 4-3 (Groundball, 4, EV 82.5 MPH)
Batting: RHB Nick Dunn 0-0: Ball
1-0: Foul Ball, location: 2F
1-1: Ball
2-1: Foul Ball, location: 2F
2-2: SINGLE (Groundball, P, EV 88.8 MPH) (infield hit)
Batting: LHB Jonathon Walton 0-0: Swinging Strike
0-1: SINGLE (Groundball, 6MS, EV 68.8 MPH) (infield hit)
Nick Dunn to second
Batting: LHB James McCauley 0-0: Ball
1-0: 3-RUN HOME RUN (Flyball, 89XD, EV 101.2 MPH), Distance : 428 ft
Batting: RHB Bjoern Waltersson 0-0: Ball
1-0: Called Strike
1-1: Ball
2-1: Called Strike
2-2: Ball
3-2: Strikes out swinging
Batting: LHB Javier Trujillo 0-0: Called Strike
0-1: Ball
1-1: Called Strike
1-2: Foul Ball, location: 2F
1-2: Ball
2-2: Ground out 6-3 (Groundball, 6, EV 86.2 MPH)
Top of the 1st over - 3 runs, 3 hits, 0 errors, 0 left on base; California 3 - New York 0
BOTTOM OF THE 1ST
New York Yankees batting - Pitching for California Angels : RHP Harambe Vick
Pitching: RHP Harambe Vick
Batting: LHB Jordan de Jesus 0-0: Called Strike
0-1: Ball
1-1: Ball
2-1: Ground out 6-3 (Groundball, 6, EV 82.5 MPH)
Batting: RHB Henri Cederberg 0-0: Called Strike
0-1: Fly out, F4 (Line Drive, 4, EV 70.0 MPH)
Batting: LHB Jim Skare 0-0: Called Strike
0-1: Called Strike
0-2: Fly out, F2 (Popup, 15S, EV 92.5 MPH)
Bottom of the 1st over - 0 runs, 0 hits, 0 errors, 0 left on base; California 3 - New York 0
TOP OF THE 2ND
California Angels batting - Pitching for New York Yankees : RHP Andres Galindo
Batting: RHB Alain Delhaye 0-0: Ball
1-0: Called Strike
1-1: Ball
2-1: Foul Ball, location: 2F
2-2: Ball
3-2: Foul Ball, location: 2F
3-2: Foul Ball, location: 2F
3-2: Base on Balls
Batting: RHB Ruben Velasco 0-0: Called Strike
0-1: Called Strike
0-2: Ball
1-2: Strikes out looking
Batting: RHB Avery Maxwell 0-0: Called Strike
0-1: Ball
1-1: Ball
2-1: Fly out, F9 (Line Drive, 9S, EV 87.5 MPH)
Batting: RHB Mike Harkins 0-0: Ball
1-0: Ball
2-0: Ball
3-0: Foul Ball, location: 2F
3-1: Swinging Strike
3-2: Foul Ball, location: 2F
3-2: Foul Ball, location: 2F
3-2: Foul Ball, location: 2F
3-2: Strikes out swinging
Top of the 2nd over - 0 runs, 0 hits, 0 errors, 1 left on base; California 3 - New York 0
BOTTOM OF THE 2ND
New York Yankees batting - Pitching for California Angels : RHP Harambe Vick
Batting: RHB Adriaan Pieters 0-0: Foul Ball, location: 2F
0-1: Called Strike
0-2: Ball
1-2: Fly out, F2 (Popup, 25F, EV 88.1 MPH)
Batting: RHB Shiro Suehiro 0-0: Called Strike
0-1: Ball
1-1: Ball
2-1: Foul Ball, location: 2F
2-2: Ball
3-2: Fly out, F7 (Flyball, 7S, EV 78.1 MPH)
Batting: LHB Joel Vera 0-0: Ball
1-0: Ball
2-0: SINGLE (Groundball, 6D, EV 105.6 MPH)
Batting: RHB Russ Shambaugh 0-0: Called Strike
0-1: Called Strike
0-2: Strikes out swinging
Bottom of the 2nd over - 0 runs, 1 hit, 0 errors, 1 left on base; California 3 - New York 0
TOP OF THE 3RD
California Angels batting - Pitching for New York Yankees : RHP Andres Galindo
Batting: RHB Nick Dunn 0-0: Ball
1-0: Called Strike
1-1: Ball
2-1: Ball
3-1: Foul Ball, location: 2F
3-2: Strikes out swinging
Batting: LHB Jonathon Walton 0-0: Ball
1-0: Swinging Strike
1-1: Called Strike
1-2: Ball
2-2: Ground out U3 (Groundball, 34S, EV 71.9 MPH)
Batting: LHB James McCauley 0-0: Ball
1-0: Ball
2-0: Foul Ball, location: 2F
2-1: Ball
3-1: Called Strike
3-2: Foul Ball, location: 2F
3-2: Fly out, F9 (Flyball, 9D, EV 90.6 MPH)
Top of the 3rd over - 0 runs, 0 hits, 0 errors, 0 left on base; California 3 - New York 0
BOTTOM OF THE 3RD
New York Yankees batting - Pitching for California Angels : RHP Harambe Vick
Batting: RHB Geni Prawiranega 0-0: Ball
1-0: Called Strike
1-1: Foul Ball, location: 2F
1-2: Ball
2-2: Ground out U3 (Groundball, 13, EV 87.5 MPH)
Batting: SHB Victor Ruiz 0-0: Ball
1-0: Swinging Strike
1-1: Ball
2-1: Foul Ball, location: 2F
2-2: Strikes out swinging
Batting: LHB Jordan de Jesus 0-0: Ball
1-0: Called Strike
1-1: Ground out 5-3 (Groundball, 56, EV 84.4 MPH)
Bottom of the 3rd over - 0 runs, 0 hits, 0 errors, 0 left on base; California 3 - New York 0
TOP OF THE 4TH
California Angels batting - Pitching for New York Yankees : RHP Andres Galindo
Batting: RHB Bjoern Waltersson 0-0: Ball
1-0: Called Strike
1-1: Swinging Strike
1-2: Ball
2-2: Foul Ball, location: 2F
2-2: Strikes out swinging
Batting: LHB Javier Trujillo 0-0: Swinging Strike
0-1: SOLO HOME RUN (Flyball, 89XD, EV 101.2 MPH), Distance : 420 ft
Batting: RHB Alain Delhaye 0-0: Ball
1-0: Called Strike
1-1: Called Strike
1-2: Ground out 5-3 (Groundball, 56S, EV 85.6 MPH)
Batting: RHB Ruben Velasco 0-0: Ball
1-0: Ball
2-0: Foul Ball, location: 2F
2-1: Foul Ball, location: 2F
2-2: Strikes out swinging
Top of the 4th over - 1 run, 1 hit, 0 errors, 0 left on base; California 4 - New York 0
BOTTOM OF THE 4TH
New York Yankees batting - Pitching for California Angels : RHP Harambe Vick
Batting: RHB Henri Cederberg 0-0: Called Strike
0-1: Foul Ball, location: 2F
0-2: Strikes out swinging
Batting: LHB Jim Skare 0-0: Ball
1-0: SOLO HOME RUN (Flyball, 7D, EV 103.1 MPH), Distance : 383 ft
Batting: RHB Adriaan Pieters 0-0: Ball
1-0: Foul Ball, location: 2F
1-1: Foul Ball, location: 2F
1-2: Ball
2-2: Foul Ball, location: 2F
2-2: Fly out, F8 (Line Drive, 8LM, EV 90.6 MPH)
Batting: RHB Shiro Suehiro 0-0: Ball
1-0: Ball
2-0: Foul Ball, location: 2F
2-1: Foul Ball, location: 2F
2-2: Foul Ball, location: 2F
2-2: Ball
3-2: Strikes out looking
Bottom of the 4th over - 1 run, 1 hit, 0 errors, 0 left on base; California 4 - New York 1
TOP OF THE 5TH
California Angels batting - Pitching for New York Yankees : RHP Andres Galindo
Batting: RHB Avery Maxwell 0-0: Called Strike
0-1: SINGLE (Groundball, 6M, EV 101.2 MPH) (infield hit)
Batting: RHB Mike Harkins 0-0: Foul Ball, location: 2F
0-1: Sac Bunt to P - play at first, batter OUT! 1-3
Avery Maxwell to second
Batting: RHB Nick Dunn 0-0: Ball
1-0: Ground out 6-3 (Groundball, 6M, EV 88.1 MPH)
Avery Maxwell to third
Batting: LHB Jonathon Walton 0-0: Swinging Strike
0-1: Swinging Strike
0-2: Strikes out looking
Top of the 5th over - 0 runs, 1 hit, 0 errors, 1 left on base; California 4 - New York 1
BOTTOM OF THE 5TH
New York Yankees batting - Pitching for California Angels : RHP Harambe Vick
Batting: LHB Joel Vera 0-0: Ball
1-0: Fly out, F8 (Flyball, 78S, EV 78.8 MPH)
Batting: RHB Russ Shambaugh 0-0: Called Strike
0-1: Swinging Strike
0-2: Strikes out swinging
Batting: RHB Geni Prawiranega 0-0: Swinging Strike
0-1: Swinging Strike
0-2: Ground out 1-3 (Groundball, 13S, EV 68.1 MPH)
Bottom of the 5th over - 0 runs, 0 hits, 0 errors, 0 left on base; California 4 - New York 1
TOP OF THE 6TH
California Angels batting - Pitching for New York Yankees : RHP Andres Galindo
Batting: LHB James McCauley 0-0: Called Strike
0-1: Ball
1-1: Ball
2-1: Ball
3-1: Foul Ball, location: 2F
3-2: Ground out 4-3 (Groundball, 4S, EV 90.0 MPH)
Pitching: RHP Leo Gonzales
Batting: RHB Bjoern Waltersson 0-0: Ground out 1-3 (Groundball, P, EV 65.6 MPH)
Batting: LHB Javier Trujillo 0-0: Called Strike
0-1: Ball
1-1: Foul Ball, location: 2F
1-2: Foul Ball, location: 2F
1-2: Foul Ball, location: 2F
1-2: Ball
2-2: Ball
3-2: Base on Balls
Batting: RHB Alain Delhaye 0-0: Ball
1-0: Hit by Pitch
Javier Trujillo to second
Batting: RHB Ruben Velasco 0-0: Ball
1-0: Called Strike
1-1: Ball
2-1: Swinging Strike
2-2: Ball
3-2: DOUBLE (Flyball, 8LXD, EV 93.8 MPH)
Javier Trujillo scores
Alain Delhaye to third
Alain Delhaye scores
Batting: RHB Avery Maxwell 0-0: Ball
1-0: Ball
2-0: Foul Ball, location: 2F
2-1: DOUBLE (Flyball, 8LXD, EV 86.9 MPH)
Ruben Velasco scores
Pitching: RHP Chris McCoy
Batting: RHB Mike Harkins 0-0: SINGLE (Groundball, 4M, EV 103.1 MPH) (infield hit)
Avery Maxwell to third
Batting: RHB Nick Dunn 0-0: Foul Ball, location: 2F
0-1: Ball
1-1: Called Strike
1-2: Ball
2-2: Fielders Choice at 2nd, 6-4 (Groundball, 56D, EV 89.4 MPH)
Top of the 6th over - 3 runs, 3 hits, 0 errors, 2 left on base; California 7 - New York 1
BOTTOM OF THE 6TH
New York Yankees batting - Pitching for California Angels : RHP Harambe Vick
Batting: SHB Victor Ruiz 0-0: Ball
1-0: Called Strike
1-1: Swinging Strike
1-2: Strikes out looking
Batting: LHB Jordan de Jesus 0-0: Ground out 1-3 (Groundball, P, EV 74.4 MPH)
Batting: RHB Henri Cederberg 0-0: SINGLE (Groundball, 6D, EV 106.9 MPH)
Batting: LHB Jim Skare 0-0: Swinging Strike
0-1: Ball
1-1: Called Strike
1-2: Strikes out looking
Bottom of the 6th over - 0 runs, 1 hit, 0 errors, 1 left on base; California 7 - New York 1
TOP OF THE 7TH
California Angels batting - Pitching for New York Yankees : RHP Chris McCoy
Batting: LHB Jonathon Walton 0-0: Ball
1-0: Ball
2-0: Ball
3-0: Fly out, F4 (Popup, 4S, EV 70.0 MPH)
Batting: LHB James McCauley 0-0: Ground out 4-3 (Groundball, 4, EV 81.9 MPH)
Batting: RHB Bjoern Waltersson 0-0: Ball
1-0: Ball
2-0: Foul Ball, location: 2F
2-1: Foul Ball, location: 2F
2-2: Strikes out swinging
Top of the 7th over - 0 runs, 0 hits, 0 errors, 0 left on base; California 7 - New York 1
BOTTOM OF THE 7TH
New York Yankees batting - Pitching for California Angels : RHP Harambe Vick
Batting: RHB Adriaan Pieters 0-0: Ball
1-0: Ball
2-0: Ball
3-0: Base on Balls
Batting: RHB Shiro Suehiro 0-0: Foul Ball, location: 2F
0-1: Ball
1-1: Ball
2-1: Fly out, F8 (Flyball, 78D, EV 101.2 MPH)
Batting: LHB Joel Vera 0-0: Ball
1-0: Ball
2-0: Called Strike
2-1: Foul Ball, location: 2F
2-2: Ball
3-2: Base on Balls
Adriaan Pieters to second
Batting: RHB Russ Shambaugh 0-0: Called Strike
0-1: Ball
1-1: Fielders Choice at 2nd, 6-4 (Groundball, 56, EV 85.6 MPH)
Adriaan Pieters to third
Batting: RHB Geni Prawiranega 0-0: Called Strike
0-1: Ball
1-1: Fielders Choice at 2nd, 5-4 (Groundball, 5, EV 88.8 MPH)
Bottom of the 7th over - 0 runs, 0 hits, 0 errors, 2 left on base; California 7 - New York 1
TOP OF THE 8TH
California Angels batting - Pitching for New York Yankees : RHP Chris McCoy
Batting: LHB Javier Trujillo 0-0: Called Strike
0-1: Ball
1-1: Ball
2-1: Foul Ball, location: 2F
2-2: Strikes out swinging
Batting: RHB Alain Delhaye 0-0: Ball
1-0: Ball
2-0: Ground out 5-3 (Groundball, 5S, EV 66.9 MPH)
Batting: RHB Ruben Velasco 0-0: Ball
1-0: Ball
2-0: Fly out, F8 (Flyball, 8RS, EV 86.9 MPH)
Top of the 8th over - 0 runs, 0 hits, 0 errors, 0 left on base; California 7 - New York 1
BOTTOM OF THE 8TH
New York Yankees batting - Pitching for California Angels : RHP Harambe Vick
Pitching: RHP Elliott Payne
Batting: SHB Victor Ruiz 0-0: Swinging Strike
0-1: Ball
1-1: Foul Ball, location: 2F
1-2: Ball
2-2: Ball
3-2: Strikes out swinging
Batting: LHB Jordan de Jesus 0-0: Ball
1-0: Foul Ball, location: 2F
1-1: Ball
2-1: Called Strike
2-2: Ball
3-2: Foul Ball, location: 2F
3-2: Foul Ball, location: 2F
3-2: Foul Ball, location: 2F
3-2: Strikes out swinging
Batting: RHB Henri Cederberg 0-0: Ball
1-0: Called Strike
1-1: Foul Ball, location: 2F
1-2: Ball
2-2: Ground out 6-3 (Groundball, 6, EV 89.4 MPH)
Bottom of the 8th over - 0 runs, 0 hits, 0 errors, 0 left on base; California 7 - New York 1
TOP OF THE 9TH
California Angels batting - Pitching for New York Yankees : RHP Chris McCoy
Batting: RHB Avery Maxwell 0-0: Called Strike
0-1: Foul Ball, location: 2F
0-2: Ball
1-2: Ball
2-2: Ball
3-2: Strikes out swinging
Batting: RHB Mike Harkins 0-0: Swinging Strike
0-1: Foul Ball, location: 2F
0-2: Ball
1-2: Ground out U3 (Groundball, 3S, EV 83.8 MPH)
Batting: RHB Nick Dunn 0-0: Swinging Strike
0-1: Ball
1-1: Ball
2-1: SINGLE (Line Drive, 78S, EV 100.0 MPH)
Batting: LHB Jonathon Walton 0-0: Ball
1-0: Ball
2-0: Called Strike
2-1: Foul Ball, location: 2F
2-2: Ground out U3 (Groundball, 3, EV 103.1 MPH)
Top of the 9th over - 0 runs, 1 hit, 0 errors, 1 left on base; California 7 - New York 1
BOTTOM OF THE 9TH
New York Yankees batting - Pitching for California Angels : RHP Elliott Payne
Batting: LHB Jim Skare 0-0: Ball
1-0: SOLO HOME RUN (Line Drive, 7LD, EV 99.4 MPH), Distance : 377 ft
Batting: RHB Adriaan Pieters 0-0: Called Strike
0-1: SINGLE (Groundball, 3D, EV 99.4 MPH)
Batting: RHB Shiro Suehiro 0-0: Foul Ball, location: 2F
0-1: Ball
1-1: SINGLE (Groundball, 5S, EV 70.6 MPH) (infield hit)
Adriaan Pieters to second
Pitching: RHP Kyle Ehret
Batting: LHB Joel Vera 0-0: Fielders Choice at 2nd, 6-4 (Groundball, 6D, EV 76.9 MPH)
Adriaan Pieters to third
Batting: RHB Russ Shambaugh 0-0: Called Strike
0-1: Ball
1-1: Grounds into double play, 4-6-3 (Groundball, 4MS, EV 85.6 MPH)
Bottom of the 9th over - 1 run, 3 hits, 0 errors, 1 left on base; California 7 - New York 2
Tuesday, March 28th , 2023 - OOTP Baseball 23.10 Build 110